 Dungeon Crawl Stone Soup version 0.28-a0-662-g1651b1f1e0 (webtiles) character file.

Game seed: 14486635467414141534

3959 heikuro the Carver (level 10, 0/82 HPs)
             Began as a Formicid Fighter on Oct 8, 2021.
             Was an Initiate of Gozag.
             Slain by a boulder beetle (3 damage)
             ... on level 7 of the Dungeon on Oct 14, 2021.
             The game lasted 00:19:49 (10174 turns).

heikuro the Carver (Formicid Fighter)              Turns: 10174, Time: 00:19:50

Health: 0/82       AC: 19    Str: 24    XL:     10   Next: 45%
Magic:  19/19      EV:  7    Int:  8    God:    Gozag
Gold:   362        SH:  4    Dex: 10    Spells: 9/9 levels left

rFire   . . .      SeeInvis +   v - +2 short sword (elec)
rCold   . . .      Faith    .   c - +0 buckler
rNeg    . . .      Spirit   .   m - +0 plate armour
rPois   .          Reflect  .   (helmet unavailable)
rElec   .          Harm     .   B - +0 cloak
rCorr   .          Rampage  .   h - +1 pair of gloves
Will    ++...                   C - +0 pair of boots
Stlth   ..........              (no amulet)
HPRegen 0.23/turn               q - ring of willpower
MPRegen 0.16/turn               y - ring of magical power

@: no status effects
A: permanent stasis, dig shafts and tunnels, antennae 3, four strong arms
a: Dig, Shaft Self, Renounce Religion, Potion Petition, Call Merchant, Bribe
Branch


You were on level 7 of the Dungeon.
You worshipped Gozag.
Gozag was aware of your devotion.
You visited 2 branches of the dungeon, and saw 8 of its levels.

You collected 476 gold pieces.
You paid 114 gold pieces to Gozag.

Inventory:

Hand Weapons
 a - a +0 long sword
 v - a +2 short sword of electrocution (weapon)
Missiles
 u - 13 poisoned darts (quivered)
Armour
 c - a +0 buckler (worn)
 h - a +1 pair of gloves (worn)
 m - a +0 plate armour (worn)
 B - a +0 cloak (worn)
 C - a +0 pair of boots (worn)
Jewellery
 q - a ring of willpower (left hand)
 y - a ring of magical power (right hand)
Wands
 A - a wand of mindburst (9)
Scrolls
 f - a scroll of acquirement {unknown}
 g - a scroll of enchant armour {unknown}
 i - 3 scrolls of blinking {unknown}
 k - a scroll of noise {unknown}
 l - a scroll of teleportation {unknown}
 n - a scroll of fear {unknown}
 p - 2 scrolls of vulnerability {unknown}
 t - a scroll of immolation {unknown}
 w - 3 scrolls of fog
 x - a scroll of brand weapon
 z - a scroll of amnesia {unknown}
Potions
 b - 2 potions of ambrosia
 d - 2 potions of might
 e - 2 potions of heal wounds
 j - a potion of mutation {unknown}
 o - 3 potions of curing
 r - a potion of brilliance {unknown}
 s - 2 potions of attraction


   Skills:
 + Level 8.4 Fighting
 * Level 10.2 Long Blades
 + Level 8.5 Armour
 - Level 3.6 Shields
 + Level 2.9 Evocations


You had 9 spell levels left.
You didn't know any spells.
Your spell library contained the following spells:

 Spells                   Type           Power      Damage    Failure   Level
 Apportation              Tloc           0%         N/A       99%         1
 Beastly Appendage        Tmut           0%         N/A       99%         1
 Magic Dart               Conj           0%         1d3       99%         1
 Call Imp                 Summ           0%         N/A       100%        2
 Wereblood                Tmut           0%         N/A       100%        2
 Mephitic Cloud           Conj/Pois/Air  0%         N/A       100%        3
 Spider Form              Tmut/Pois      0%         N/A       100%        3
 Animate Dead             Necr           0%         N/A       100%        4
 Alistair's Intoxication  Tmut/Pois      0%         N/A       100%        5
 Invisibility             Hex            0%         N/A       100%        6
 Haunt                    Necr/Summ      0%         N/A       100%        7
 Infestation              Necr           0%         N/A       100%        8


Dungeon Overview and Level Annotations

Branches:
Dungeon (7/15)             Temple (1/1) D:6

Altars:
Ashenzari
Dithmenos
Fedhas
Gozag
Kikubaaqudgha
Makhleb
Nemelex Xobeh
Okawaru
Qazlal
Ru
Uskayaw
Vehumet
Wu Jian
Xom
Yredelemnul
Zin
The Shining One


Innate Abilities, Weirdness & Mutations

You cannot be hasted, slowed, berserked, paralysed or teleported.
You can dig through walls and to a lower floor.
You have a pair of large antennae on your head. (SInv)
Your four strong arms can wield two-handed weapons with a shield.


Message History

The boulder beetle is moderately wounded.
The boulder beetle closely misses you.
You puncture the boulder beetle!
The boulder beetle is heavily wounded.
The boulder beetle bites you but does no damage.
You hit the boulder beetle but do no damage.
The boulder beetle is heavily wounded.
You block the boulder beetle's attack.
You hit the boulder beetle but do no damage.
The boulder beetle is heavily wounded.
You hit the boulder beetle but do no damage.
The boulder beetle is heavily wounded.
You block the boulder beetle's attack.
You hit the boulder beetle but do no damage.
Lightning courses through the boulder beetle!
The boulder beetle is severely wounded.
You block the boulder beetle's attack.
You hit the boulder beetle but do no damage.
The boulder beetle is severely wounded.
The boulder beetle bites you!
You hit the boulder beetle but do no damage.
Lightning courses through the boulder beetle!
The boulder beetle is almost dead.
The boulder beetle bites you.
* * * LOW HITPOINT WARNING * * *
You puncture the boulder beetle!
The boulder beetle is almost dead.
You hit the boulder beetle but do no damage.
The boulder beetle is almost dead.
The boulder beetle bites you!
* * * LOW HITPOINT WARNING * * *
You hit the boulder beetle but do no damage.
The boulder beetle is almost dead.
The boulder beetle bites you.
* * * LOW HITPOINT WARNING * * *
You hit the boulder beetle but do no damage.
The boulder beetle is almost dead.
The boulder beetle bites you.
You die...
Your body crumbles into a pile of gold.

##.######### #. .# #.# #. ..
#.# #. # . ##'## #. #. .#
##...## #. #.#####.# ##.....##
###. #.......###.......## ##.#.
#####.#...####.........####....
.............B@........+.......
#####.#...####.........####....
.......# ##.......## ##<#.
#.##.###.# ##.....## ###. # #.
#.# ##...## #... # #.# ##+##
#.#. ..# #.# #.#. ###
#####.#### #...
.........######.##


You could see a boulder beetle.

Vanquished Creatures
  Pikel (D:6)
  3 yaks
  Sigmund (D:5)
  4 vampire mosquitoes
  Menkaure (D:5)
  A steam dragon (D:7)
  A water moccasin (D:6)
  Duvessa (D:6)
  A black bear (D:6)
  A sky beast (D:5)
  2 phantoms
  A centaur (D:7)
  2 bullfrogs
  5 scorpions
  A water moccasin zombie (D:3)
  Dowan (D:6)
  A howler monkey (D:3)
  A bullfrog zombie (D:3)
  4 jellies
  A centaur zombie (D:5)
  2 centaur skeletons (D:4)
  7 orc priests
  2 hounds
  A bullfrog skeleton (D:6)
  A gnoll shaman (D:3)
  Natasha (thrice) (D:3)
  Terence (D:2)
  An iguana (D:5)
  An orc wizard (D:6)
  Robin (D:2)
  6 adders
  5 gnolls
  4 river rats (D:6)
  A white imp (D:3)
  An ufetubus (D:5)
  A dart slug (D:1)
  2 worms
  12 orcs
  5 ball pythons
  15 endoplasms
  2 giant cockroaches
  10 goblins
  10 hobgoblins
  6 jackals
  5 quokkas
  4 bats
  4 frilled lizards
  15 kobolds
  5 rats
  A spectral kobold (D:2)
168 creatures vanquished.

Vanquished Creatures (others)
  An orc (D:7)
  7 fungi (D:3)
  10 plants (D:6)
  7 toadstools (D:3)
25 creatures vanquished.

Grand Total: 193 creatures vanquished

Notes
Turn   | Place    | Note
-------+----------+-------------------------------------------
     0 | D:1      | heikuro the Formicid Fighter began the quest for the Orb.
     0 | D:1      | Reached XP level 1. HP: 18/18 MP: 1/1
   255 | D:1      | Reached XP level 2. HP: 24/24 MP: 2/2
   531 | D:1      | Reached XP level 3. HP: 28/29 MP: 3/3
   760 | D:1      | Reached skill level 3 in Long Blades
  1080 | D:2      | Found a faded altar of an unknown god.
  1147 | D:2      | Reached XP level 4. HP: 33/37 MP: 4/4
  1297 | D:2      | Noticed Terence
  1325 | D:2      | Killed Terence
  1483 | D:2      | Upgraded the game from 0.28-a0-622-gbaef9634d7 to
                  | 0.28-a0-653-g7e9dba17c3
  2046 | D:3      | Reached XP level 5. HP: 42/42 MP: 5/5
  2051 | D:3      | Noticed Natasha
  2063 | D:3      | Killed Natasha
  2317 | D:3      | Noticed Natasha
  2704 | D:3      | Reached skill level 4 in Long Blades
  2704 | D:3      | Reached XP level 6. HP: 44/49 MP: 6/6
  2814 | D:3      | Noticed Robin
  2911 | D:2      | Killed Robin
  3245 | D:3      | Reached skill level 5 in Long Blades
  3245 | D:3      | Reached XP level 7. HP: 46/55 MP: 7/7
  3568 | D:3      | Killed Natasha
  3569 | D:3      | Reached skill level 5 in Armour
  3710 | D:3      | Noticed Natasha
  3717 | D:3      | Killed Natasha
  3718 | D:3      | Reached skill level 5 in Fighting
  4258 | D:4      | Upgraded the game from 0.28-a0-653-g7e9dba17c3 to
                  | 0.28-a0-662-g1651b1f1e0
  4489 | D:4      | Reached skill level 6 in Long Blades
  4513 | D:3      | Reached XP level 8. HP: 63/63 MP: 8/8
  5280 | D:4      | Noticed a yak
  5565 | D:4      | Killed a yak
  5566 | D:4      | Reached skill level 7 in Long Blades
  5683 | D:4      | Noticed a yak
  5695 | D:4      | Noticed a yak
  5915 | D:3      | Killed a yak
  5938 | D:4      | Killed a yak
  5939 | D:4      | Reached XP level 9. HP: 65/71 MP: 9/9
  6010 | D:5      | Entered Level 5 of the Dungeon
  6527 | D:4      | Reached skill level 8 in Long Blades
  6797 | D:5      | Noticed Sigmund
  6811 | D:5      | Killed Sigmund
  7266 | D:5      | Found a blossoming altar of Fedhas.
  7367 | D:5      | Reached skill level 9 in Long Blades
  7476 | D:5      | Noticed Menkaure
  7485 | D:5      | Killed Menkaure
  8044 | D:6      | Reached XP level 10. HP: 77/80 MP: 10/10
  8128 | D:6      | Reached skill level 1 in Evocations
  8274 | D:6      | Noticed Pikel
  8296 | D:6      | Killed Pikel
  8396 | D:6      | Reached skill level 10 in Long Blades
  8506 | D:6      | Noticed Duvessa
  8506 | D:6      | Noticed Dowan
  8514 | D:6      | Killed Duvessa
  8515 | D:6      | Killed Dowan
  8767 | D:6      | Found a staircase to the Ecumenical Temple.
  8774 | Temple   | Entered the Ecumenical Temple
  8895 | Temple   | Became a worshipper of Gozag Ym Sagoz the Greedy
  8927 | D:6      | Found a sacrificial altar of Ru.
 10034 | D:7      | Noticed a boulder beetle
 10173 | D:7      | HP: 3/82 [boulder beetle (5)]
 10174 | D:7      | Slain by a boulder beetle

Illustrated notes

Levels and vault maps discovered:
D:1:      dpeg_arrival_rhombi, layout_basic
D:2:      layout_rooms, dreamdust_ecumenical_altar_drowned_temple,
          grunt_decor_one_mirror, kennysheep_generic_room_6, uniq_terence
D:3:      cheibrodos_fertilizer, layout_basic, uniq_natasha, uniq_robin
D:4:      layout_cave_pools, minmay_misc_feat_tiny,
          hangedman_abyss_or_decor_stabs, minmay_curled_crystal
D:5:      layout_cave_pools, mainiacjoe_overflow_chevrons, uniq_sigmund,
          uniq_menkaure
D:6:      wad_woods_tower, layout_gridville,
          nicolae_ru_great_annihilating_truth, temple_green, uniq_pikel,
          uniq_duvessa
D:7:      layout_loops_corners, mainiacjoe_overflow_big_doors,
          minmay_misc_feat_chi, minivault_4
Temple:   regret_index_temple_waves

Skill      XL: |  1  2  3  4  5  6  7  8  9 10 |
---------------+-------------------------------+-----
Long Blades    | 3 4 5 6 7 9 10 | 10.2
Armour         | 4 5 6 7 8 |  8.5
Fighting       | 4 5 6 7 8 |  8.4
Evocations     | 2 |  2.9
Shields        | |  3.6

Action                   |  1- 3 |  4- 6 |  7- 9 | 10-12 || total
-------------------------+-------+-------+-------+-------++-------
Melee: Long sword        |   108 |   181 |       |       ||   289
       Short sword       |       |    12 |   325 |   121 ||   458
 Abil: Dig               |       |     2 |       |       ||     2
  Use: Scroll            |       |       |     4 |     3 ||     7
       Potion            |       |       |     2 |       ||     2
 Stab: Paralysed         |       |       |       |     1 ||     1
Armor: Scale mail        |    61 |    24 |       |       ||    85
       Plate armour      |       |   107 |   164 |    57 ||   328
Dodge: Dodged            |    63 |    67 |    92 |    31 ||   253
Block: Buckler           |    27 |    47 |    56 |    23 ||   153

Table legend: (Time is in decaauts)
 A = Elapsed time spent in this place.
 B = Non-inter-level travel time spent in this place.
 C = Inter-level travel time spent in this place.
 D = Time resting spent in this place.
 E = Time spent auto-exploring this place.
 F = Levels seen in this place.
 G = Mean time per level.
                   A        B        C        D        E       F      G
               +--------+--------+--------+--------+--------+-----+--------+
         Total |  10193 |   9906 |    287 |   2975 |   4291 |   8 | 1274.1 |
       Dungeon |  10049 |   9775 |    274 |   2975 |   4204 |   7 | 1435.6 |
        Temple |    143 |    130 |     13 |      0 |     87 |   1 |  143.0 |
               +--------+--------+--------+--------+--------+-----+--------+

Top non-repeatable levels by time:
     D:3: 2570 daAuts
     D:4: 1648 daAuts
     D:6: 1379 daAuts
     D:2: 1336 daAuts
     D:5: 1231 daAuts
     D:1: 1098 daAuts
     D:7: 783 daAuts
  Temple: 143 daAuts
